2829 views
Uploaded 2020-02-02 00:52:27
Game version 1.32 / 1.32.1
34:44 long 4on4 ladder game on (8)Sanctuary_LV
Saved by BEARAND
2829 views
Uploaded 2020-02-02 00:52:27
Game version 1.32 / 1.32.1
34:44 long 4on4 ladder game on (8)Sanctuary_LV


123 units @ 14.5k
/ 2.2k
370 buildings @ 28.2k
/ 17.6k



| Lesser Clarity Potion | 1 | 70 |
| Staff of Sanctuary | 3 | 750 |
| Staff of Teleportation | 4 | 600 |
| Boots of Speed | 4 | 1000 |
| Circlet of Nobility | 4 | 700 |
| Periapt of Vitality | 2 | 650 |
| Healing Salve | 2 | 200 |
| Orb of Lightning | 3 | 1125 |
| total: | 23 | 5095g |
| Peasant | 22 | 1650 | / | 0 |
| Priest | 2 | 270 | / | 20 |
| Dragonhawk Rider | 3 | 600 | / | 90 |
| Troll Batrider | 2 | 320 | / | 80 |
| total: | 29 | 2840g | / | 190w |
| Scout Tower | 91 | 2730 | / | 1820 |
| Arcane Tower | 6 | 420 | / | 300 |
| Guard Tower | 29 | 2030 | / | 1450 |
| Altar of Kings | 2 | 360 | / | 100 |
| Farm | 5 | 400 | / | 100 |
| Lumber Mill | 1 | 120 | / | 0 |
| Town Hall | 2 | 770 | / | 410 |
| Arcane Vault | 4 | 520 | / | 120 |
| Barracks | 1 | 160 | / | 60 |
| Blacksmith | 1 | 140 | / | 60 |
| Arcane Sanctum | 1 | 150 | / | 140 |
| Gryphon Aviary | 2 | 280 | / | 300 |
| Keep | 1 | 320 | / | 210 |
| Castle | 1 | 360 | / | 210 |
| total: | 110 | 5630g | / | 3110w |
| 0:03 | Peasant |
| 0:06 | Altar of Kings |
| 0:08 | Farm |
| 0:18 | Peasant |
| 0:27 | Peasant |
| 0:55 | Peasant |
| 1:09 | Farm |
| 1:15 | Scout Tower |
| 1:18 | Peasant |
| 1:26 | Lumber Mill |
| 1:30 | Peasant |
| 1:31 | Peasant |
| 1:41 | Arcane Tower |
| 1:43 | Scout Tower |
| 1:55 | Peasant |
| 1:56 | Peasant |
| 2:14 | Scout Tower |
| 2:17 | Blizzard |
| 2:29 | Guard Tower |
| 2:32 | Scout Tower |
| 2:37 | Scout Tower |
| 2:38 | Peasant |
| 2:38 | Peasant |
| 2:39 | Peasant |
| 2:40 | Scout Tower |
| 2:48 | Farm |
| 2:59 | Guard Tower |
| 3:00 | Scout Tower |
| 3:06 | Peasant |
| 3:06 | Peasant |
| 3:08 | Arcane Tower |
| 3:10 | Scout Tower |
| 3:27 | Guard Tower |
| 3:34 | Guard Tower |
| 3:43 | Guard Tower |
| 3:57 | Peasant |
| 3:58 | Peasant |
| 3:59 | Peasant |
| 4:37 | Town Hall |
| 4:41 | Scout Tower |
| 4:41 | Scout Tower |
| 4:42 | Scout Tower |
| 4:45 | Scout Tower |
| 4:46 | Scout Tower |
| 4:46 | Scout Tower |
| 4:47 | Scout Tower |
| 5:02 | Scout Tower |
| 5:07 | Brilliance Aura |
| 5:15 | Peasant |
| 5:15 | Peasant |
| 5:22 | Guard Tower |
| 5:27 | Arcane Tower |
| 5:55 | Staff of Teleportation |
| 5:55 | Boots of Speed |
| 6:03 | Boots of Speed |
| 6:15 | Guard Tower |
| 6:19 | Scout Tower |
| 6:19 | Scout Tower |
| 7:05 | Keep |
| 7:06 | Guard Tower |
| 7:08 | Scout Tower |
| 7:09 | Scout Tower |
| 7:29 | Healing Salve |
| 7:29 | Lesser Clarity Potion |
| 7:46 | Improved Masonry |
| 7:51 | Peasant |
| 7:52 | Farm |
| 8:58 | Guard Tower |
| 9:01 | Scout Tower |
| 9:01 | Scout Tower |
| 9:02 | Scout Tower |
| 9:03 | Scout Tower |
| 9:03 | Scout Tower |
| 9:04 | Scout Tower |
| 9:27 | Castle |
| 9:30 | Arcane Sanctum |
| 9:32 | Advanced Masonry |
| 9:32 | Improved Lumber Harvesting |
| 9:43 | Guard Tower |
| 10:18 | Scout Tower |
| 10:19 | Scout Tower |
| 10:20 | Scout Tower |
| 10:20 | Scout Tower |
| 10:21 | Scout Tower |
| 10:23 | Scout Tower |
| 10:25 | Storm Bolt |
| 10:29 | Guard Tower |
| 10:33 | Scout Tower |
| 10:42 | Magic Sentry |
| 10:43 | Priest Adept Training |
| 10:43 | Priest |
| 10:56 | Arcane Vault |
| 10:58 | Arcane Vault |
| 11:01 | Guard Tower |
| 11:06 | Arcane Vault |
| 11:07 | Arcane Vault |
| 11:20 | Blizzard |
| 11:43 | Guard Tower |
| 11:45 | Scout Tower |
| 11:46 | Scout Tower |
| 11:48 | Scout Tower |
| 11:49 | Scout Tower |
| 11:50 | Guard Tower |
| 12:08 | Guard Tower |
| 12:13 | Imbued Masonry |
| 12:14 | Advanced Lumber Harvesting |
| 12:18 | Priest |
| 12:19 | Priest Master Training |
| 12:24 | Scout Tower |
| 12:24 | Scout Tower |
| 12:25 | Scout Tower |
| 12:26 | Scout Tower |
| 12:27 | Scout Tower |
| 12:29 | Peasant |
| 12:29 | Peasant |
| 13:07 | Boots of Speed |
| 13:08 | Circlet of Nobility |
| 13:26 | Staff of Sanctuary |
| 13:30 | Staff of Sanctuary |
| 13:34 | Staff of Sanctuary |
| 13:37 | Holy Light |
| 13:43 | Orb of Lightning |
| 14:21 | Bash |
| 14:26 | Guard Tower |
| 14:30 | Scout Tower |
| 14:31 | Scout Tower |
| 14:31 | Scout Tower |
| 14:32 | Scout Tower |
| 14:32 | Scout Tower |
| 14:35 | Scout Tower |
| 14:42 | Barracks |
| 14:44 | Blacksmith |
| 14:46 | Gryphon Aviary |
| 14:48 | Gryphon Aviary |
| 14:50 | Farm |
| 15:05 | Staff of Teleportation |
| 15:06 | Boots of Speed |
| 15:16 | Periapt of Vitality |
| 15:16 | Circlet of Nobility |
| 16:22 | Divine Shield |
| 16:36 | Healing Salve |
| 16:45 | Guard Tower |
| 16:49 | Scout Tower |
| 16:50 | Scout Tower |
| 16:51 | Scout Tower |
| 16:51 | Scout Tower |
| 16:52 | Scout Tower |
| 16:52 | Scout Tower |
| 16:53 | Scout Tower |
| 16:54 | Scout Tower |
| 17:38 | Guard Tower |
| 17:41 | Scout Tower |
| 17:44 | Scout Tower |
| 17:44 | Scout Tower |
| 17:50 | Storm Bolt |
| 18:05 | Brilliance Aura |
| 18:20 | Animal War Training |
| 18:22 | Studded Leather Armor |
| 18:24 | Dragonhawk Rider |
| 18:24 | Dragonhawk Rider |
| 18:25 | Dragonhawk Rider |
| 18:47 | Troll Batrider |
| 18:47 | Troll Batrider |
| 19:05 | Staff of Teleportation |
| 19:11 | Periapt of Vitality |
| 19:16 | Circlet of Nobility |
| 19:27 | Town Hall |
| 19:33 | Guard Tower |
| 19:39 | Orb of Lightning |
| 19:49 | Reinforced Leather Armor |
| 20:01 | Steel Ranged Weapons |
| 20:10 | Arcane Tower |
| 20:12 | Arcane Tower |
| 21:06 | Staff of Teleportation |
| 21:09 | Circlet of Nobility |
| 21:20 | Cloud |
| 24:05 | Dragonhide Armor |
| 24:28 | Holy Light |
| 24:40 | Bash |
| 25:07 | Scout Tower |
| 25:37 | Guard Tower |
| 25:38 | Scout Tower |
| 25:39 | Scout Tower |
| 25:39 | Scout Tower |
| 25:49 | Blizzard |
| 25:53 | Arcane Tower |
| 26:10 | Altar of Kings |
| 26:12 | Scout Tower |
| 26:14 | Scout Tower |
| 26:27 | Orb of Lightning |
| 26:35 | Scout Tower |
| 26:36 | Scout Tower |
| 26:37 | Scout Tower |
| 26:38 | Scout Tower |
| 26:38 | Scout Tower |
| 26:47 | Guard Tower |
| 26:49 | Scout Tower |
| 26:50 | Scout Tower |
| 26:51 | Scout Tower |
| 27:15 | Iron Forged Swords |
| 27:22 | Guard Tower |
| 27:58 | Guard Tower |
| 28:28 | Guard Tower |
| 29:08 | Guard Tower |
| 29:10 | Scout Tower |
| 29:11 | Scout Tower |
| 29:12 | Scout Tower |
| 29:12 | Scout Tower |
| 29:12 | Scout Tower |
| 29:13 | Scout Tower |
| 29:13 | Scout Tower |
| 29:14 | Scout Tower |
| 29:15 | Scout Tower |
| 29:15 | Scout Tower |
| 29:16 | Scout Tower |
| 29:16 | Scout Tower |
| 29:17 | Scout Tower |
| 29:18 | Scout Tower |
| 29:18 | Scout Tower |
| 29:19 | Scout Tower |
| 29:19 | Scout Tower |
| 29:20 | Scout Tower |
| 30:31 | Guard Tower |
| 30:49 | Devotion Aura |
| 31:30 | Guard Tower |
| 34:03 | Guard Tower |
| 34:14 | Guard Tower |
| Right click | 2133 |
| Select group | 1786 |
| Select | 330 |
| Build/train/purchase | 147 |
| Use ability | 127 |
| Misc. action | 65 |
| Minimap ping | 46 |
| Assign group | 25 |
| Item give/drop | 16 |
| Chat | 16 |
| Esc | 3 |


| Healing Salve | 3 | 300 |
| Orb of Lightning | 1 | 375 |
| Boots of Speed | 2 | 500 |
| Staff of Teleportation | 2 | 300 |
| Staff of Sanctuary | 1 | 250 |
| total: | 9 | 1725g |
| Peon | 13 | 975 | / | 0 |
| Troll Batrider | 17 | 2720 | / | 680 |
| Goblin Shredder | 1 | 375 | / | 100 |
| total: | 31 | 4070g | / | 780w |
| Watch Tower | 40 | 4400 | / | 3200 |
| Altar of Storms | 1 | 180 | / | 50 |
| Orc Burrow | 3 | 480 | / | 120 |
| War Mill | 1 | 205 | / | 0 |
| Voodoo Lounge | 2 | 260 | / | 60 |
| Great Hall | 2 | 770 | / | 370 |
| Beastiary | 12 | 1740 | / | 1680 |
| Stronghold | 1 | 315 | / | 190 |
| Fortress | 1 | 325 | / | 190 |
| total: | 61 | 8035g | / | 5480w |
| 0:02 | Peon |
| 0:02 | Peon |
| 0:06 | Altar of Storms |
| 0:18 | Orc Burrow |
| 0:20 | Peon |
| 0:44 | Peon |
| 0:48 | War Mill |
| 0:56 | Peon |
| 1:06 | Voodoo Lounge |
| 1:18 | Peon |
| 1:28 | Peon |
| 1:47 | Peon |
| 1:51 | Orc Burrow |
| 2:05 | Watch Tower |
| 2:09 | Wind Walk |
| 2:15 | Healing Salve |
| 2:39 | Watch Tower |
| 2:59 | Peon |
| 2:59 | Peon |
| 3:01 | Watch Tower |
| 3:23 | Watch Tower |
| 3:33 | Peon |
| 3:34 | Peon |
| 4:08 | Watch Tower |
| 4:21 | Watch Tower |
| 4:26 | Watch Tower |
| 4:51 | Watch Tower |
| 5:21 | Stronghold |
| 5:43 | Critical Strike |
| 5:59 | Watch Tower |
| 6:03 | Watch Tower |
| 6:30 | Voodoo Lounge |
| 6:42 | Orc Burrow |
| 7:03 | Watch Tower |
| 7:07 | Watch Tower |
| 7:28 | Healing Salve |
| 8:10 | Watch Tower |
| 8:13 | Watch Tower |
| 8:25 | Boots of Speed |
| 8:25 | Staff of Teleportation |
| 8:45 | Hex |
| 9:21 | Beastiary |
| 9:24 | Beastiary |
| 9:40 | Fortress |
| 9:43 | Watch Tower |
| 11:21 | Wind Walk |
| 11:32 | Boots of Speed |
| 11:53 | Reinforced Defenses |
| 11:54 | Spiked Barricades |
| 11:56 | Watch Tower |
| 11:57 | Watch Tower |
| 11:58 | Watch Tower |
| 12:04 | Liquid Fire |
| 12:49 | Troll Batrider |
| 13:02 | Healing Wave |
| 13:52 | Troll Batrider |
| 14:04 | Goblin Shredder |
| 14:34 | Great Hall |
| 14:36 | Watch Tower |
| 14:37 | Watch Tower |
| 14:38 | Watch Tower |
| 14:48 | Healing Salve |
| 14:59 | Orb of Lightning |
| 15:11 | Watch Tower |
| 15:14 | Watch Tower |
| 15:17 | Watch Tower |
| 15:40 | Watch Tower |
| 15:41 | Watch Tower |
| 15:42 | Watch Tower |
| 16:25 | Watch Tower |
| 16:28 | Watch Tower |
| 16:30 | Watch Tower |
| 16:45 | Watch Tower |
| 16:46 | Watch Tower |
| 16:47 | Watch Tower |
| 17:13 | Troll Batrider |
| 17:16 | Beastiary |
| 17:51 | Watch Tower |
| 18:00 | Beastiary |
| 18:03 | Beastiary |
| 18:35 | Great Hall |
| 18:50 | Steel Ranged Weapons |
| 19:01 | Watch Tower |
| 19:24 | Watch Tower |
| 19:47 | Healing Wave |
| 19:54 | Troll Batrider |
| 19:57 | Critical Strike |
| 20:21 | Troll Batrider |
| 20:41 | Watch Tower |
| 21:55 | Troll Batrider |
| 21:56 | Troll Batrider |
| 22:02 | Watch Tower |
| 22:35 | Thorium Ranged Weapons |
| 22:36 | Steel Armor |
| 22:44 | Staff of Teleportation |
| 22:59 | Staff of Sanctuary |
| 23:17 | Watch Tower |
| 23:40 | Beastiary |
| 24:05 | Troll Batrider |
| 24:30 | Troll Batrider |
| 24:38 | Troll Batrider |
| 24:54 | Watch Tower |
| 24:57 | Beastiary |
| 24:59 | Beastiary |
| 25:30 | Wind Walk |
| 26:01 | Arcanite Ranged Weapons |
| 27:55 | Troll Batrider |
| 28:15 | Beastiary |
| 28:21 | Thorium Armor |
| 28:22 | Improved Spiked Barricades |
| 28:59 | Troll Batrider |
| 29:36 | Troll Batrider |
| 29:44 | Beastiary |
| 30:12 | Troll Batrider |
| 30:14 | Peon |
| 30:28 | Arcanite Armor |
| 31:08 | Hex |
| 31:10 | Troll Batrider |
| 31:28 | Bladestorm |
| 32:49 | Troll Batrider |
| 33:30 | Troll Batrider |
| 34:10 | Beastiary |
| 34:12 | Beastiary |
| Right click | 2085 |
| Select | 626 |
| Select group | 581 |
| Use ability | 191 |
| Misc. action | 101 |
| Build/train/purchase | 90 |
| Assign group | 24 |
| Item give/drop | 8 |
| Remove unit | 4 |
| Esc | 4 |
| Minimap ping | 2 |
BEARAND
(34:47) : 


| Potion of Healing | 2 | 300 |
| Staff of Sanctuary | 3 | 750 |
| Dust of Appearance | 1 | 75 |
| Boots of Speed | 3 | 750 |
| Staff of Teleportation | 3 | 450 |
| Periapt of Vitality | 1 | 325 |
| Circlet of Nobility | 1 | 175 |
| Healing Salve | 2 | 200 |
| Orb of Lightning | 3 | 1125 |
| total: | 19 | 4150g |
| Peasant | 22 | 1650 | / | 0 |
| Priest | 1 | 135 | / | 10 |
| Dragonhawk Rider | 2 | 400 | / | 60 |
| Goblin Zeppelin | 1 | 240 | / | 60 |
| Goblin Shredder | 1 | 375 | / | 100 |
| Troll Batrider | 11 | 1760 | / | 440 |
| total: | 38 | 4560g | / | 670w |
| Scout Tower | 113 | 3390 | / | 2260 |
| Arcane Tower | 12 | 840 | / | 600 |
| Guard Tower | 37 | 2590 | / | 1850 |
| Altar of Kings | 1 | 180 | / | 50 |
| Farm | 5 | 400 | / | 100 |
| Lumber Mill | 1 | 120 | / | 0 |
| Town Hall | 3 | 1155 | / | 615 |
| Arcane Vault | 2 | 260 | / | 60 |
| Blacksmith | 1 | 140 | / | 60 |
| Arcane Sanctum | 1 | 150 | / | 140 |
| Gryphon Aviary | 1 | 140 | / | 150 |
| Keep | 1 | 320 | / | 210 |
| Castle | 1 | 360 | / | 210 |
| Watch Tower | 29 | 3190 | / | 2320 |
| total: | 157 | 9125g | / | 5755w |
| 0:01 | Peasant |
| 0:02 | Peasant |
| 0:10 | Altar of Kings |
| 0:18 | Farm |
| 0:19 | Peasant |
| 0:24 | Peasant |
| 0:26 | Scout Tower |
| 0:31 | Farm |
| 0:36 | Peasant |
| 1:07 | Lumber Mill |
| 1:10 | Peasant |
| 1:18 | Peasant |
| 1:25 | Peasant |
| 1:30 | Peasant |
| 1:33 | Scout Tower |
| 1:34 | Peasant |
| 1:40 | Arcane Tower |
| 1:57 | Peasant |
| 2:05 | Peasant |
| 2:08 | Scout Tower |
| 2:09 | Scout Tower |
| 2:12 | Blizzard |
| 2:20 | Guard Tower |
| 2:38 | Guard Tower |
| 2:39 | Peasant |
| 2:40 | Scout Tower |
| 2:41 | Scout Tower |
| 3:01 | Guard Tower |
| 3:03 | Peasant |
| 3:35 | Keep |
| 4:03 | Brilliance Aura |
| 4:21 | Town Hall |
| 4:25 | Scout Tower |
| 4:26 | Scout Tower |
| 4:26 | Scout Tower |
| 4:27 | Scout Tower |
| 4:28 | Scout Tower |
| 4:38 | Farm |
| 4:40 | Farm |
| 4:42 | Farm |
| 4:54 | Guard Tower |
| 4:55 | Guard Tower |
| 5:24 | Guard Tower |
| 5:26 | Scout Tower |
| 5:27 | Scout Tower |
| 5:27 | Scout Tower |
| 5:27 | Scout Tower |
| 5:28 | Scout Tower |
| 5:37 | Guard Tower |
| 6:17 | Boots of Speed |
| 6:18 | Dust of Appearance |
| 6:43 | Potion of Healing |
| 7:45 | Guard Tower |
| 7:48 | Peasant |
| 7:48 | Peasant |
| 7:49 | Arcane Tower |
| 8:14 | Blizzard |
| 8:23 | Storm Bolt |
| 8:40 | Arcane Sanctum |
| 8:40 | Castle |
| 8:57 | Healing Salve |
| 8:59 | Potion of Healing |
| 9:19 | Peasant |
| 9:20 | Guard Tower |
| 9:32 | Improved Masonry |
| 9:32 | Improved Lumber Harvesting |
| 9:36 | Scout Tower |
| 9:36 | Scout Tower |
| 9:37 | Scout Tower |
| 9:37 | Scout Tower |
| 9:38 | Scout Tower |
| 9:38 | Scout Tower |
| 9:39 | Scout Tower |
| 9:39 | Scout Tower |
| 9:40 | Scout Tower |
| 9:40 | Scout Tower |
| 9:41 | Scout Tower |
| 9:52 | Magic Sentry |
| 9:53 | Priest |
| 10:07 | Scout Tower |
| 10:08 | Scout Tower |
| 10:09 | Scout Tower |
| 10:09 | Scout Tower |
| 10:10 | Scout Tower |
| 10:25 | Guard Tower |
| 10:50 | Guard Tower |
| 11:01 | Boots of Speed |
| 11:32 | Bash |
| 11:39 | Advanced Masonry |
| 11:55 | Guard Tower |
| 11:56 | Guard Tower |
| 12:03 | Arcane Vault |
| 12:09 | Holy Light |
| 12:21 | Guard Tower |
| 12:23 | Scout Tower |
| 12:24 | Scout Tower |
| 12:24 | Scout Tower |
| 12:25 | Scout Tower |
| 12:26 | Scout Tower |
| 12:26 | Scout Tower |
| 12:27 | Scout Tower |
| 13:03 | Staff of Teleportation |
| 13:19 | Periapt of Vitality |
| 13:28 | Guard Tower |
| 13:32 | Town Hall |
| 13:35 | Scout Tower |
| 13:35 | Scout Tower |
| 13:35 | Scout Tower |
| 13:36 | Scout Tower |
| 13:36 | Scout Tower |
| 13:37 | Scout Tower |
| 13:37 | Scout Tower |
| 13:37 | Scout Tower |
| 13:38 | Scout Tower |
| 13:38 | Scout Tower |
| 13:39 | Scout Tower |
| 13:40 | Scout Tower |
| 13:41 | Scout Tower |
| 14:12 | Guard Tower |
| 14:17 | Advanced Lumber Harvesting |
| 14:31 | Guard Tower |
| 15:00 | Guard Tower |
| 15:05 | Staff of Teleportation |
| 15:06 | Boots of Speed |
| 15:10 | Staff of Teleportation |
| 15:12 | Circlet of Nobility |
| 15:31 | Guard Tower |
| 15:48 | Peasant |
| 15:48 | Peasant |
| 15:48 | Peasant |
| 15:48 | Peasant |
| 15:55 | Storm Bolt |
| 15:59 | Brilliance Aura |
| 16:07 | Scout Tower |
| 16:12 | Divine Shield |
| 16:22 | Guard Tower |
| 17:09 | Goblin Zeppelin |
| 17:11 | Arcane Tower |
| 17:18 | Guard Tower |
| 17:44 | Staff of Sanctuary |
| 17:57 | Orb of Lightning |
| 18:06 | Imbued Masonry |
| 18:10 | Goblin Shredder |
| 18:13 | Peasant |
| 18:34 | Gryphon Aviary |
| 18:35 | Blacksmith |
| 18:46 | Watch Tower |
| 18:47 | Watch Tower |
| 18:47 | Watch Tower |
| 18:48 | Watch Tower |
| 18:48 | Watch Tower |
| 18:48 | Watch Tower |
| 18:49 | Watch Tower |
| 18:49 | Watch Tower |
| 18:50 | Watch Tower |
| 18:50 | Watch Tower |
| 18:51 | Watch Tower |
| 18:51 | Watch Tower |
| 18:52 | Watch Tower |
| 18:52 | Watch Tower |
| 18:53 | Watch Tower |
| 18:54 | Watch Tower |
| 18:54 | Watch Tower |
| 18:55 | Watch Tower |
| 18:55 | Watch Tower |
| 18:56 | Watch Tower |
| 19:09 | Arcane Vault |
| 19:27 | Orb of Lightning |
| 19:47 | Priest Adept Training |
| 19:48 | Sorceress Adept Training |
| 19:52 | Dragonhawk Rider |
| 19:53 | Dragonhawk Rider |
| 19:55 | Staff of Sanctuary |
| 19:59 | Staff of Sanctuary |
| 20:05 | Watch Tower |
| 20:06 | Watch Tower |
| 20:06 | Watch Tower |
| 20:07 | Watch Tower |
| 20:17 | Healing Salve |
| 20:43 | Guard Tower |
| 20:46 | Scout Tower |
| 20:46 | Scout Tower |
| 20:47 | Scout Tower |
| 20:47 | Scout Tower |
| 20:47 | Scout Tower |
| 20:48 | Scout Tower |
| 20:48 | Scout Tower |
| 20:48 | Scout Tower |
| 20:53 | Scout Tower |
| 20:53 | Scout Tower |
| 20:54 | Scout Tower |
| 20:54 | Scout Tower |
| 20:55 | Scout Tower |
| 20:55 | Scout Tower |
| 20:55 | Scout Tower |
| 20:56 | Scout Tower |
| 20:56 | Scout Tower |
| 21:06 | Cloud |
| 22:13 | Watch Tower |
| 22:13 | Watch Tower |
| 22:13 | Watch Tower |
| 22:14 | Watch Tower |
| 22:14 | Watch Tower |
| 22:34 | Guard Tower |
| 22:51 | Iron Forged Swords |
| 22:51 | Studded Leather Armor |
| 23:55 | Holy Light |
| 24:44 | Blizzard |
| 24:50 | Bash |
| 24:57 | Guard Tower |
| 25:01 | Scout Tower |
| 25:01 | Scout Tower |
| 25:01 | Scout Tower |
| 25:02 | Scout Tower |
| 25:02 | Scout Tower |
| 25:03 | Scout Tower |
| 25:10 | Scout Tower |
| 25:11 | Scout Tower |
| 25:11 | Scout Tower |
| 25:12 | Scout Tower |
| 25:12 | Scout Tower |
| 25:13 | Scout Tower |
| 25:13 | Scout Tower |
| 25:14 | Scout Tower |
| 25:14 | Scout Tower |
| 25:14 | Scout Tower |
| 25:23 | Troll Batrider |
| 25:24 | Troll Batrider |
| 25:25 | Troll Batrider |
| 25:27 | Troll Batrider |
| 25:34 | Critical Strike |
| 26:01 | Guard Tower |
| 26:21 | Scout Tower |
| 26:22 | Scout Tower |
| 26:22 | Scout Tower |
| 26:23 | Scout Tower |
| 26:23 | Scout Tower |
| 26:24 | Scout Tower |
| 26:24 | Scout Tower |
| 26:24 | Scout Tower |
| 26:25 | Scout Tower |
| 27:26 | Arcane Tower |
| 27:27 | Arcane Tower |
| 27:28 | Arcane Tower |
| 27:31 | Arcane Tower |
| 27:31 | Guard Tower |
| 27:31 | Guard Tower |
| 27:32 | Arcane Tower |
| 27:33 | Arcane Tower |
| 27:34 | Arcane Tower |
| 27:45 | Guard Tower |
| 28:20 | Guard Tower |
| 28:57 | Troll Batrider |
| 28:57 | Troll Batrider |
| 28:57 | Troll Batrider |
| 28:58 | Troll Batrider |
| 29:05 | Guard Tower |
| 30:24 | Storm Bolt |
| 31:03 | Divine Shield |
| 31:15 | Mass Teleport |
| 31:43 | Troll Batrider |
| 31:43 | Troll Batrider |
| 31:44 | Troll Batrider |
| 32:06 | Town Hall |
| 32:20 | Guard Tower |
| 32:36 | Orb of Lightning |
| 32:56 | Scout Tower |
| 32:56 | Scout Tower |
| 32:57 | Scout Tower |
| 32:58 | Scout Tower |
| 32:58 | Scout Tower |
| 32:58 | Scout Tower |
| 32:59 | Scout Tower |
| 32:59 | Scout Tower |
| 33:00 | Scout Tower |
| 33:00 | Scout Tower |
| 33:01 | Scout Tower |
| 33:01 | Scout Tower |
| 33:02 | Scout Tower |
| 33:02 | Scout Tower |
| 33:02 | Scout Tower |
| 33:02 | Scout Tower |
| 33:02 | Scout Tower |
| 33:02 | Scout Tower |
| 34:22 | Holy Light |
| Right click | 3195 |
| Select | 809 |
| Select group | 671 |
| Use ability | 236 |
| Chat | 212 |
| Build/train/purchase | 200 |
| Assign group | 24 |
| Misc. action | 21 |
| Minimap ping | 19 |
| Item give/drop | 10 |
| Resource trade | 4 |
⇛
ChuckleMan
(103)
(17:14) : 
| Lesser Clarity Potion | 5 | 350 |
| Healing Salve | 3 | 300 |
| Orb of Lightning | 1 | 375 |
| Boots of Speed | 1 | 250 |
| Staff of Teleportation | 1 | 150 |
| total: | 11 | 1425g |
| Peon | 15 | 1125 | / | 0 |
| Troll Batrider | 8 | 1280 | / | 320 |
| Goblin Shredder | 1 | 375 | / | 100 |
| Goblin Sapper | 1 | 215 | / | 100 |
| total: | 25 | 2995g | / | 520w |
| Watch Tower | 30 | 3300 | / | 2400 |
| Altar of Storms | 1 | 180 | / | 50 |
| Orc Burrow | 4 | 640 | / | 160 |
| War Mill | 1 | 205 | / | 0 |
| Voodoo Lounge | 2 | 260 | / | 60 |
| Great Hall | 1 | 385 | / | 185 |
| Beastiary | 3 | 435 | / | 420 |
| Stronghold | 1 | 315 | / | 190 |
| Fortress | 1 | 325 | / | 190 |
| total: | 42 | 5405g | / | 3275w |
| 0:02 | Peon |
| 0:03 | Peon |
| 0:07 | Altar of Storms |
| 0:10 | Orc Burrow |
| 0:12 | Peon |
| 0:29 | Peon |
| 0:44 | Peon |
| 0:51 | War Mill |
| 0:57 | Peon |
| 1:04 | Voodoo Lounge |
| 1:07 | Peon |
| 1:20 | Peon |
| 1:34 | Peon |
| 1:47 | Peon |
| 1:47 | Peon |
| 1:55 | Orc Burrow |
| 2:09 | Watch Tower |
| 2:16 | Wind Walk |
| 2:17 | Lesser Clarity Potion |
| 2:17 | Lesser Clarity Potion |
| 2:17 | Healing Salve |
| 2:28 | Voodoo Lounge |
| 2:34 | Peon |
| 3:07 | Stronghold |
| 3:48 | Watch Tower |
| 3:52 | Watch Tower |
| 3:54 | Watch Tower |
| 4:32 | Watch Tower |
| 5:00 | Watch Tower |
| 5:11 | Critical Strike |
| 5:18 | Great Hall |
| 5:32 | Fortress |
| 5:53 | Goblin Shredder |
| 6:11 | Healing Salve |
| 6:11 | Healing Salve |
| 6:13 | Lesser Clarity Potion |
| 6:49 | Wind Walk |
| 7:02 | Beastiary |
| 7:03 | Beastiary |
| 7:04 | Beastiary |
| 7:14 | Orc Burrow |
| 7:50 | Watch Tower |
| 7:51 | Watch Tower |
| 7:51 | Watch Tower |
| 7:53 | Peon |
| 8:10 | Goblin Sapper |
| 8:42 | Liquid Fire |
| 8:42 | Troll Batrider |
| 9:04 | Reinforced Defenses |
| 9:08 | Orc Burrow |
| 9:13 | Troll Batrider |
| 9:24 | Boots of Speed |
| 9:45 | Staff of Teleportation |
| 9:52 | Steel Ranged Weapons |
| 9:56 | Orb of Lightning |
| 10:01 | Lesser Clarity Potion |
| 10:20 | Watch Tower |
| 10:21 | Watch Tower |
| 10:22 | Watch Tower |
| 10:23 | Watch Tower |
| 10:32 | Troll Batrider |
| 11:02 | Peon |
| 11:03 | Peon |
| 11:51 | Spiked Barricades |
| 11:52 | Troll Batrider |
| 12:06 | Critical Strike |
| 12:38 | Watch Tower |
| 12:39 | Watch Tower |
| 12:39 | Watch Tower |
| 12:40 | Watch Tower |
| 12:41 | Watch Tower |
| 12:57 | Troll Batrider |
| 13:40 | Watch Tower |
| 13:44 | Watch Tower |
| 13:46 | Watch Tower |
| 13:47 | Watch Tower |
| 13:48 | Watch Tower |
| 13:49 | Watch Tower |
| 13:58 | Watch Tower |
| 14:56 | Wind Walk |
| 15:57 | Bladestorm |
| 16:13 | Lesser Clarity Potion |
| 16:19 | Troll Batrider |
| 16:19 | Troll Batrider |
| 16:21 | Watch Tower |
| 16:22 | Watch Tower |
| 16:22 | Watch Tower |
| 16:23 | Watch Tower |
| 16:23 | Watch Tower |
| 16:28 | Thorium Ranged Weapons |
| 16:29 | Steel Armor |
| 17:14 | Troll Batrider |
| Right click | 856 |
| Select group | 259 |
| Select | 136 |
| Build/train/purchase | 97 |
| Assign group | 33 |
| Use ability | 31 |
| Misc. action | 30 |
| Resource trade | 15 |
| Item give/drop | 3 |
| Esc | 3 |
| Minimap ping | 2 |
220 units @ 39.5k
/ 7.1k
116 buildings @ 19.9k
/ 8.8k

| Wisp | 28 | 1680 | / | 0 |
| Archer | 2 | 260 | / | 20 |
| Huntress | 3 | 585 | / | 60 |
| Glaive Thrower | 1 | 210 | / | 65 |
| Chimaera | 17 | 5610 | / | 1190 |
| total: | 51 | 8345g | / | 1335w |
| Ancient Protector | 7 | 945 | / | 560 |
| Altar of Elders | 1 | 180 | / | 50 |
| Moon Well | 9 | 1620 | / | 360 |
| Ancient of War | 3 | 450 | / | 180 |
| Hunter's Hall | 1 | 210 | / | 100 |
| Ancient of Wonders | 1 | 90 | / | 30 |
| Tree of Life | 1 | 340 | / | 185 |
| Chimaera Roost | 2 | 280 | / | 380 |
| Tree of Ages | 1 | 320 | / | 180 |
| Tree of Eternity | 1 | 330 | / | 200 |
| total: | 25 | 4115g | / | 1845w |
| 0:04 | Altar of Elders |
| 0:06 | Moon Well |
| 0:09 | Wisp |
| 0:28 | Wisp |
| 0:37 | Wisp |
| 0:55 | Wisp |
| 1:07 | Ancient of War |
| 1:15 | Wisp |
| 1:27 | Wisp |
| 1:48 | Hunter's Hall |
| 1:53 | Wisp |
| 2:03 | Moon Well |
| 2:24 | Archer |
| 2:38 | Archer |
| 2:54 | Wisp |
| 2:54 | Wisp |
| 3:08 | Huntress |
| 3:27 | Evasion |
| 3:44 | Tree of Ages |
| 4:15 | Moon Well |
| 4:29 | Huntress |
| 4:57 | Strength of the Moon |
| 4:58 | Moon Armor |
| 5:20 | Glaive Thrower |
| 5:29 | Ancient of Wonders |
| 5:36 | Ultravision |
| 5:38 | Huntress |
| 6:09 | Tree of Eternity |
| 6:32 | Immolation |
| 7:46 | Strength of the Wild |
| 7:47 | Reinforced Hides |
| 8:07 | Mana Burn |
| 9:55 | Wisp |
| 10:23 | Chimaera Roost |
| 10:31 | Wisp |
| 10:49 | Ancient Protector |
| 10:51 | Wisp |
| 11:14 | Ancient Protector |
| 11:32 | Wisp |
| 11:48 | Chimaera Roost |
| 11:50 | Chimaera |
| 11:50 | Chimaera |
| 11:50 | Chimaera |
| 11:50 | Chimaera |
| 11:50 | Chimaera |
| 11:50 | Chimaera |
| 12:04 | Wisp |
| 13:31 | Improved Strength of the Wild |
| 13:31 | Improved Reinforced Hides |
| 13:57 | Moon Well |
| 14:06 | Moon Well |
| 15:07 | Advanced Strength of the Wild |
| 15:10 | Chimaera |
| 15:10 | Chimaera |
| 15:10 | Chimaera |
| 15:25 | Wisp |
| 15:26 | Wisp |
| 15:26 | Wisp |
| 15:26 | Wisp |
| 15:26 | Wisp |
| 15:26 | Wisp |
| 15:26 | Wisp |
| 16:08 | Wisp |
| 16:08 | Wisp |
| 16:08 | Wisp |
| 16:50 | Well Spring |
| 17:17 | Moon Well |
| 17:50 | Moon Well |
| 18:02 | Advanced Reinforced Hides |
| 18:05 | Wisp |
| 18:05 | Wisp |
| 18:06 | Wisp |
| 18:21 | Chimaera |
| 18:51 | Moon Well |
| 19:19 | Improved Strength of the Moon |
| 19:20 | Improved Moon Armor |
| 19:48 | Moon Well |
| 19:56 | Corrosive Breath |
| 20:15 | Chimaera |
| 21:13 | Chimaera |
| 22:12 | Chimaera |
| 22:25 | Wisp |
| 23:38 | Chimaera |
| 24:25 | Chimaera |
| 25:55 | Tree of Life |
| 27:38 | Chimaera |
| 27:40 | Chimaera |
| 29:38 | Advanced Strength of the Moon |
| 29:38 | Advanced Moon Armor |
| 30:28 | Ancient of War |
| 30:33 | Ancient of War |
| 30:49 | Ancient Protector |
| 30:57 | Ancient Protector |
| 30:59 | Ancient Protector |
| 31:02 | Ancient Protector |
| 31:06 | Ancient Protector |
| Right click | 883 |
| Select | 309 |
| Build/train/purchase | 80 |
| Misc. action | 49 |
| Use ability | 10 |
| Resource trade | 5 |
| Esc | 2 |
| Assign group | 1 |
| Minimap ping | 1 |


| Ritual Dagger | 1 | 125 |
| total: | 1 | 125g |
| Acolyte | 8 | 600 | / | 0 |
| Ghoul | 13 | 1560 | / | 0 |
| Crypt Fiend | 7 | 1505 | / | 280 |
| Frost Wyrm | 19 | 7315 | / | 2280 |
| total: | 47 | 10980g | / | 2560w |
| Nerubian Tower | 1 | 100 | / | 20 |
| Spirit Tower | 3 | 435 | / | 120 |
| Altar of Darkness | 1 | 180 | / | 50 |
| Ziggurat | 20 | 3000 | / | 1000 |
| Crypt | 1 | 200 | / | 50 |
| Tomb of Relics | 1 | 130 | / | 30 |
| Graveyard | 1 | 215 | / | 0 |
| Necropolis | 5 | 1125 | / | 0 |
| Sacrificial Pit | 1 | 75 | / | 150 |
| Boneyard | 1 | 175 | / | 200 |
| Halls of the Dead | 1 | 320 | / | 210 |
| Black Citadel | 1 | 325 | / | 230 |
| total: | 31 | 5100g | / | 1480w |
| 0:14 | Altar of Darkness |
| 0:16 | Ziggurat |
| 0:19 | Acolyte |
| 0:20 | Acolyte |
| 0:43 | Crypt |
| 1:28 | Ziggurat |
| 1:50 | Ghoul |
| 1:54 | Ghoul |
| 1:54 | Ghoul |
| 1:54 | Ghoul |
| 2:16 | Unholy Aura |
| 2:31 | Ghoul |
| 3:27 | Ghoul |
| 3:27 | Ghoul |
| 3:28 | Ghoul |
| 3:32 | Halls of the Dead |
| 3:52 | Ghoul |
| 3:52 | Ghoul |
| 4:02 | Tomb of Relics |
| 5:02 | Ghoul |
| 5:02 | Ghoul |
| 5:02 | Ghoul |
| 5:07 | Death Coil |
| 5:28 | Ziggurat |
| 6:36 | Graveyard |
| 7:26 | Ziggurat |
| 7:33 | Black Citadel |
| 7:40 | Ziggurat |
| 7:50 | Ritual Dagger |
| 8:14 | Unholy Aura |
| 8:20 | Crypt Fiend |
| 8:20 | Crypt Fiend |
| 8:20 | Crypt Fiend |
| 8:20 | Crypt Fiend |
| 8:21 | Crypt Fiend |
| 8:52 | Crypt Fiend |
| 9:03 | Sacrificial Pit |
| 9:28 | Creature Attack |
| 10:02 | Boneyard |
| 10:34 | Creature Carapace |
| 10:39 | Ziggurat |
| 10:47 | Ziggurat |
| 10:48 | Ziggurat |
| 10:49 | Ziggurat |
| 10:50 | Ziggurat |
| 10:59 | Crypt Fiend |
| 11:16 | Necropolis |
| 11:22 | Necropolis |
| 12:23 | Death Coil |
| 12:56 | Nerubian Tower |
| 13:01 | Frost Wyrm |
| 13:03 | Improved Creature Attack |
| 13:11 | Acolyte |
| 14:02 | Frost Wyrm |
| 15:05 | Ziggurat |
| 15:06 | Ziggurat |
| 15:07 | Ziggurat |
| 15:08 | Ziggurat |
| 15:11 | Acolyte |
| 15:38 | Acolyte |
| 15:38 | Acolyte |
| 15:38 | Acolyte |
| 16:10 | Frost Wyrm |
| 16:16 | Frost Wyrm |
| 16:21 | Advanced Creature Attack |
| 16:31 | Spirit Tower |
| 16:37 | Spirit Tower |
| 17:06 | Frost Wyrm |
| 17:54 | Frost Wyrm |
| 18:42 | Frost Wyrm |
| 19:05 | Frost Wyrm |
| 19:33 | Necropolis |
| 19:48 | Ziggurat |
| 20:11 | Improved Creature Carapace |
| 21:07 | Sleep |
| 21:26 | Ziggurat |
| 21:27 | Ziggurat |
| 21:27 | Ziggurat |
| 21:28 | Ziggurat |
| 21:29 | Ziggurat |
| 22:06 | Frost Wyrm |
| 22:46 | Frost Wyrm |
| 23:01 | Acolyte |
| 23:10 | Frost Wyrm |
| 24:51 | Freezing Breath |
| 25:38 | Advanced Creature Carapace |
| 26:05 | Frost Wyrm |
| 26:37 | Frost Wyrm |
| 27:47 | Unholy Aura |
| 27:51 | Frost Wyrm |
| 27:57 | Necropolis |
| 28:09 | Frost Wyrm |
| 29:30 | Necropolis |
| 29:57 | Frost Wyrm |
| 30:49 | Frost Wyrm |
| 31:09 | Frost Wyrm |
| 32:02 | Spirit Tower |
| 32:14 | Frost Wyrm |
| Right click | 996 |
| Select group | 520 |
| Select | 491 |
| Misc. action | 98 |
| Build/train/purchase | 77 |
| Assign group | 62 |
| Chat | 42 |
| Esc | 18 |
| Use ability | 17 |
| Resource trade | 17 |
| Minimap ping | 9 |
| Remove unit | 4 |
| Item give/drop | 1 |

| Wisp | 22 | 1320 | / | 0 |
| Archer | 12 | 1560 | / | 120 |
| Chimaera | 15 | 4950 | / | 1050 |
| Hippogryph | 1 | 160 | / | 20 |
| Mountain Giant | 3 | 1050 | / | 300 |
| Goblin Shredder | 4 | 1500 | / | 400 |
| Forest Troll High Priest | 1 | 305 | / | 40 |
| Kobold Geomancer | 1 | 255 | / | 30 |
| Assassin | 1 | 250 | / | 30 |
| Rogue | 1 | 150 | / | 0 |
| total: | 61 | 11500g | / | 1990w |
| Ancient Protector | 4 | 540 | / | 320 |
| Altar of Elders | 1 | 180 | / | 50 |
| Ancient of War | 1 | 150 | / | 60 |
| Moon Well | 8 | 1440 | / | 320 |
| Hunter's Hall | 1 | 210 | / | 100 |
| Ancient of Wonders | 1 | 90 | / | 30 |
| Tree of Life | 3 | 1020 | / | 555 |
| Ancient of Wind | 1 | 150 | / | 140 |
| Ancient of Lore | 4 | 620 | / | 580 |
| Chimaera Roost | 3 | 420 | / | 570 |
| Tree of Ages | 1 | 320 | / | 180 |
| Tree of Eternity | 1 | 330 | / | 200 |
| total: | 27 | 4820g | / | 2725w |
| 0:05 | Altar of Elders |
| 0:14 | Ancient of War |
| 0:23 | Moon Well |
| 0:26 | Wisp |
| 0:32 | Wisp |
| 0:50 | Wisp |
| 0:59 | Wisp |
| 1:14 | Wisp |
| 1:26 | Archer |
| 1:30 | Wisp |
| 1:40 | Archer |
| 1:49 | Wisp |
| 2:02 | Moon Well |
| 2:23 | Trueshot Aura |
| 2:54 | Archer |
| 2:54 | Archer |
| 3:26 | Archer |
| 3:27 | Archer |
| 3:33 | Moon Well |
| 3:43 | Tree of Ages |
| 4:15 | Searing Arrows |
| 4:31 | Hunter's Hall |
| 4:39 | Ancient of Wonders |
| 4:43 | Archer |
| 4:43 | Archer |
| 5:44 | Tree of Life |
| 6:36 | Trueshot Aura |
| 6:57 | Goblin Shredder |
| 7:04 | Tree of Eternity |
| 7:14 | Archer |
| 7:15 | Archer |
| 7:15 | Archer |
| 7:16 | Archer |
| 8:07 | Ancient Protector |
| 9:59 | Ancient of Wind |
| 10:06 | Wisp |
| 10:06 | Wisp |
| 10:07 | Wisp |
| 10:07 | Wisp |
| 10:07 | Wisp |
| 10:48 | Wisp |
| 10:50 | Wisp |
| 11:09 | Goblin Shredder |
| 11:25 | Chimaera Roost |
| 12:03 | Moon Well |
| 13:14 | Forest Troll High Priest |
| 13:17 | Kobold Geomancer |
| 13:17 | Assassin |
| 13:18 | Rogue |
| 13:38 | Corrosive Breath |
| 13:52 | Chimaera Roost |
| 13:56 | Strength of the Wild |
| 13:58 | Reinforced Hides |
| 14:46 | Searing Arrows |
| 14:47 | Chimaera |
| 15:13 | Hippogryph |
| 15:26 | Ancient Protector |
| 15:28 | Wisp |
| 15:28 | Wisp |
| 15:31 | Chimaera |
| 15:35 | Wisp |
| 15:38 | Chimaera Roost |
| 16:18 | Chimaera |
| 17:04 | Chimaera |
| 17:13 | Wisp |
| 17:18 | Moon Well |
| 18:22 | Goblin Shredder |
| 18:30 | Chimaera |
| 18:39 | Moon Well |
| 18:44 | Improved Strength of the Wild |
| 19:26 | Goblin Shredder |
| 19:38 | Chimaera |
| 19:43 | Moon Well |
| 19:50 | Wisp |
| 19:55 | Moon Well |
| 20:02 | Improved Bows |
| 20:44 | Advanced Strength of the Wild |
| 20:55 | Chimaera |
| 20:58 | Improved Reinforced Hides |
| 22:04 | Chimaera |
| 22:31 | Chimaera |
| 24:17 | Chimaera |
| 24:26 | Trueshot Aura |
| 25:37 | Chimaera |
| 25:41 | Advanced Reinforced Hides |
| 26:20 | Ancient of Lore |
| 26:22 | Wisp |
| 26:22 | Wisp |
| 26:29 | Ancient of Lore |
| 26:41 | Ancient of Lore |
| 26:43 | Chimaera |
| 26:47 | Chimaera |
| 27:37 | Chimaera |
| 28:52 | Chimaera |
| 29:13 | Wisp |
| 30:06 | Tree of Life |
| 31:40 | Ancient of Lore |
| 31:54 | Resistant Skin |
| 32:09 | Ancient Protector |
| 32:17 | Ancient Protector |
| 32:50 | Tree of Life |
| 33:00 | Strength of the Moon |
| 33:01 | Moon Armor |
| 33:01 | Ultravision |
| 33:01 | Well Spring |
| 33:05 | Nature's Blessing |
| 33:08 | Hardened Skin |
| 33:13 | Mountain Giant |
| 33:39 | Mountain Giant |
| 33:42 | Mountain Giant |
| Right click | 606 |
| Select | 388 |
| Build/train/purchase | 93 |
| Misc. action | 86 |
| Use ability | 11 |
| Remove unit | 2 |
| Assign group | 1 |
| Item give/drop | 1 |
| Esc | 1 |
| Minimap ping | 1 |



| Peon | 20 | 1500 | / | 0 |
| Grunt | 7 | 1400 | / | 0 |
| Troll Headhunter | 8 | 1120 | / | 160 |
| Shaman | 8 | 1040 | / | 160 |
| Tauren | 5 | 1400 | / | 400 |
| Raider | 8 | 1440 | / | 320 |
| Troll Witch Doctor | 4 | 580 | / | 100 |
| Demolisher | 1 | 220 | / | 50 |
| total: | 61 | 8700g | / | 1190w |
| Watch Tower | 8 | 880 | / | 640 |
| Altar of Storms | 1 | 180 | / | 50 |
| Orc Burrow | 10 | 1600 | / | 400 |
| Barracks | 2 | 360 | / | 100 |
| War Mill | 2 | 410 | / | 0 |
| Voodoo Lounge | 1 | 130 | / | 30 |
| Great Hall | 4 | 1540 | / | 740 |
| Spirit Lodge | 2 | 300 | / | 300 |
| Tauren Totem | 2 | 270 | / | 310 |
| Beastiary | 1 | 145 | / | 140 |
| Stronghold | 1 | 315 | / | 190 |
| Fortress | 1 | 325 | / | 190 |
| total: | 33 | 5815g | / | 2710w |
| 0:21 | Altar of Storms |
| 0:22 | Peon |
| 0:22 | Peon |
| 0:28 | Orc Burrow |
| 0:37 | Peon |
| 0:54 | Peon |
| 1:12 | Barracks |
| 1:24 | Peon |
| 1:38 | Peon |
| 1:46 | Orc Burrow |
| 1:54 | Peon |
| 2:13 | Grunt |
| 2:31 | Grunt |
| 2:51 | War Mill |
| 3:09 | War Stomp |
| 3:13 | Orc Burrow |
| 3:17 | Orc Burrow |
| 3:25 | Grunt |
| 3:47 | Grunt |
| 4:14 | Stronghold |
| 4:34 | Grunt |
| 5:00 | Orc Burrow |
| 5:21 | Endurance Aura |
| 5:28 | Troll Headhunter |
| 5:29 | Troll Headhunter |
| 6:04 | Troll Headhunter |
| 6:09 | Voodoo Lounge |
| 6:16 | Steel Melee Weapons |
| 6:57 | Troll Headhunter |
| 7:06 | Great Hall |
| 7:39 | Watch Tower |
| 7:47 | Troll Headhunter |
| 7:50 | Grunt |
| 9:24 | Troll Headhunter |
| 9:24 | Troll Headhunter |
| 9:25 | Grunt |
| 9:44 | Great Hall |
| 9:48 | Watch Tower |
| 10:04 | Spirit Lodge |
| 10:22 | Hex |
| 10:43 | Troll Headhunter |
| 10:47 | Tauren Totem |
| 10:52 | Peon |
| 10:52 | Peon |
| 11:02 | Watch Tower |
| 11:25 | Spirit Lodge |
| 11:29 | Shaman Adept Training |
| 12:15 | War Stomp |
| 12:24 | Watch Tower |
| 12:25 | Peon |
| 12:25 | Peon |
| 12:25 | Peon |
| 12:26 | Peon |
| 12:37 | Tauren Totem |
| 13:00 | Orc Burrow |
| 13:02 | Shaman |
| 13:04 | Shaman |
| 13:12 | Healing Wave |
| 13:23 | Fortress |
| 13:37 | Orc Burrow |
| 13:52 | Watch Tower |
| 13:53 | Shaman |
| 13:56 | Orc Burrow |
| 14:19 | Shaman |
| 14:21 | Shaman |
| 14:36 | Orc Burrow |
| 14:48 | Berserker Strength |
| 15:27 | Beastiary |
| 15:48 | Peon |
| 15:49 | Peon |
| 16:16 | Shaman Master Training |
| 16:17 | Shaman |
| 16:17 | Shaman |
| 16:20 | Tauren |
| 16:21 | Tauren |
| 16:46 | Healing Wave |
| 16:56 | Watch Tower |
| 17:05 | Ensnare |
| 17:07 | Pulverize |
| 17:10 | Shaman |
| 17:15 | Orc Burrow |
| 17:55 | Endurance Aura |
| 18:04 | Raider |
| 18:04 | Raider |
| 18:07 | Thorium Melee Weapons |
| 18:07 | Steel Armor |
| 18:19 | Peon |
| 18:19 | Peon |
| 18:23 | Peon |
| 18:55 | Raider |
| 19:06 | Peon |
| 19:22 | Raider |
| 20:05 | Tauren |
| 20:22 | Peon |
| 20:45 | Raider |
| 22:22 | Arcanite Melee Weapons |
| 22:25 | War Mill |
| 23:25 | Pillage |
| 23:43 | Reinforced Defenses |
| 23:46 | Thorium Armor |
| 23:49 | Tauren |
| 24:58 | Raider |
| 25:00 | Tauren |
| 25:02 | Spiked Barricades |
| 25:33 | Hex |
| 28:11 | Great Hall |
| 28:15 | Great Hall |
| 28:19 | Watch Tower |
| 28:21 | Watch Tower |
| 28:48 | Raider |
| 29:14 | Far Sight |
| 29:38 | War Stomp |
| 30:18 | Witch Doctor Adept Training |
| 30:20 | Troll Witch Doctor |
| 30:20 | Troll Witch Doctor |
| 30:21 | Arcanite Armor |
| 30:23 | Improved Spiked Barricades |
| 30:33 | Raider |
| 31:43 | Steel Ranged Weapons |
| 31:49 | Burning Oil |
| 31:58 | Barracks |
| 33:13 | Witch Doctor Master Training |
| 33:15 | Troll Witch Doctor |
| 33:17 | Demolisher |
| 34:05 | Troll Witch Doctor |
| Right click | 2272 |
| Select | 569 |
| Select group | 353 |
| Build/train/purchase | 140 |
| Assign group | 82 |
| Use ability | 31 |
| Resource trade | 6 |
| Esc | 5 |
| Misc. action | 4 |
| Item give/drop | 3 |
| Remove unit | 3 |